 Dungeon Crawl Stone Soup version 0.23.2-30-g0e89c35 (webtiles) character file.

Game seed: 15874859853106137596

1295 Skyn the Sneak (level 8, -1/43 HPs)
             Began as a Vine Stalker Assassin on June 23, 2019.
             Was an Initiate of Ru.
             Killed from afar by a centaur (14 damage)
             ... with a wand of acid (8)
             ... on level 6 of the Dungeon.
             The game lasted 00:11:29 (3666 turns).

Skyn the Sneak (Vine Stalker Assassin)              Turns: 3666, Time: 00:11:30

Health: -1/43      AC:  7    Str: 15    XL:     8   Next: 56%
Magic:  0/9        EV: 11    Int: 11    God:    Ru [......]
Gold:   258        SH:  5    Dex: 17    Spells: 7/7 levels left

rFire    . . .     SeeInvis .   H - +0 dagger (venom)
rCold    . . .     Gourm    +   l - +0 buckler
rNeg     . . .     Faith    .   B - +0 ring mail
rPois    .         Spirit   +   (no helmet)
rElec    .         Reflect  .   d - +0 cloak
rCorr    .         Harm     .   M - +0 pair of gloves
MR       ++...                  (no boots)
Stlth    +++.......             p - amulet of the gourmand
HPRegen  0.54/turn              u - ring of protection from magic
MPRegen  0.11/turn              (no ring)

@: no status effects
A: fangs 3, regeneration 1, magic shield, antimagic bite, no potion heal 3, rot
immunity
a: Renounce Religion


You were on level 6 of the Dungeon.
You worshipped Ru.
Ru was noncommittal.
You were not hungry.

You visited 2 branches of the dungeon, and saw 7 of its levels.

You collected 258 gold pieces.

Inventory:

Hand Weapons
 a - a +2 dagger
 b - a +0 blowgun
 H - a +0 dagger of venom (weapon)
Missiles
 e - 66 poisoned needles
 f - 2 curare-tipped needles
 k - 38 sling bullets
 A - 9 tomahawks (quivered)
Armour
 d - a +0 cloak (worn)
 l - a +0 buckler (worn)
 y - a +2 shield
 B - a +0 ring mail (worn)
 M - a +0 pair of gloves (worn)
Jewellery
 p - an amulet of the gourmand (around neck)
 u - a ring of protection from magic (left hand)
Wands
 r - a wand of digging (5)
 I - a wand of clouds (11)
Scrolls
 h - 3 scrolls of teleportation
 m - a scroll of blinking {unknown}
 q - 2 scrolls of identify {unknown}
 s - a scroll of fog {unknown}
 t - a scroll of magic mapping {unknown}
 v - 3 scrolls of remove curse {unknown}
 x - 2 scrolls of amnesia {unknown}
 E - a scroll of fear {unknown}
 F - a scroll of enchant weapon {unknown}
 K - 2 scrolls of enchant armour {unknown}
Potions
 c - a potion of haste {unknown}
 i - a potion of flight {unknown}
 j - a potion of lignification {unknown}
 n - 2 potions of ambrosia {unknown}
 o - a potion of degeneration {unknown}
 w - 2 potions of mutation {unknown}
 z - 2 potions of brilliance {unknown}
 C - 3 potions of berserk rage {unknown}
 D - a potion of curing {unknown}
 G - 4 potions of heal wounds {unknown}
 J - a potion of agility {unknown}
 L - a potion of invisibility {unknown}
Comestibles
 g - 12 rations


   Skills:
 - Level 5.0 Fighting
 - Level 6.0 Short Blades
 - Level 1.7 Throwing
 * Level 1.2 Armour
 * Level 1.2 Dodging
 - Level 6.0 Stealth
 - Level 4.0 Shields


You had 7 spell levels left.
You didn't know any spells.
Your spell library was empty.

Dungeon Overview and Level Annotations

Branches:
Dungeon (6/15)             Temple (1/1) D:4

Altars:
Cheibriados
Dithmenos
Fedhas
Gozag
Hepliaklqana
Nemelex Xobeh
Qazlal
Ru
Sif Muna
Uskayaw
Wu Jian
Yredelemnul
The Shining One

Shops:
D:5 (

Annotations:
D:5 Blork the orc; Soul669's ghost, novice DrGl


Innate Abilities, Weirdness & Mutations

You have razor-sharp teeth.
Your natural rate of healing is unusually fast.
When hurt, damage is shared between your health and your magic reserves.
Your bite disrupts and absorbs the magic of your enemies.
Potions cannot restore your health.
You are immune to rotting.


Message History

A centaur comes into view. It is carrying a wand of acid (9).
A yak comes into view.
A bullfrog comes into view. 2 yaks come into view.
The centaur shouts!
The yak bellows! x3
You block the centaur's attack. x2; The yak moves out of view.
The bullfrog gives a loud, deep croak!
You hit the centaur.
The centaur is poisoned.
You bite the centaur. You drain its power.
The centaur is lightly wounded.
The centaur zaps a wand.
The bolt of acid hits you!
You are splashed with acid!
* * * LOW HITPOINT WARNING * * *
Unknown command.
You barely miss the centaur.
The centaur is lightly wounded.
The centaur closely misses you.
You hit the centaur but do no damage. Your bite misses the centaur.
The centaur is lightly wounded.
The centaur zaps a wand.
The bolt of acid hits you!
You die...

........#........#..
...........#...........
.
..........#...........
#.
............#.......#
#..
.....##..###.....###
#............#
#........
.....#.#....##
##....... #.....#....##
#.._.... #@.....##
##...... #.Yc#.#....#
####... .Y..FY.####..##
#.. ....... #### #.
.....#. . ......# .
.... # .##.


You could see 3 yaks, a bullfrog and a centaur.

Vanquished Creatures
  2 ice beasts (D:5)
  A phantom (D:6)
  A scorpion (D:4)
  A howler monkey (D:6)
  A quasit (D:5)
  An orc priest (D:4)
  3 hounds
  4 jellies
  5 orc wizards
  A centaur skeleton (D:4)
  2 iguanas
  Natasha (thrice) (D:4)
  3 worker ants
  A killer bee zombie (D:6)
  3 gnolls (D:3)
  9 adders
  3 oozes
  2 adder zombies
  An adder skeleton (D:2)
  2 worms (D:2)
  3 dart slugs (D:1)
  6 leopard geckos
  24 orcs
  4 giant cockroaches
  15 goblins
  9 hobgoblins
  6 jackals
  2 quokkas (D:3)
  2 ball pythons
  9 bats
  6 frilled lizards
  8 kobolds
  4 rats
147 creatures vanquished.

Notes
Turn   | Place    | Note
-------+----------+-------------------------------------------
     0 | D:1      | Skyn the Vine Stalker Assassin began the quest for the Orb.
     0 | D:1      | Reached XP level 1. HP: 11/11 MP: 2/2
    42 | D:1      | Reached skill level 5 in Stealth
    81 | D:1      | Reached XP level 2. HP: 10/15 MP: 3/3
   295 | D:1      | Reached XP level 3. HP: 17/18 MP: 4/4
   751 | D:2      | Reached skill level 1 in Shields
   751 | D:2      | Gained mutation: Your natural rate of healing is unusually
                  | fast. [Vine Stalker growth]
   751 | D:2      | Reached XP level 4. HP: 9/23 MP: 3/5
  1120 | D:2      | Reached XP level 5. HP: 23/26 MP: 6/6
  1724 | D:3      | Reached XP level 6. HP: 28/30 MP: 7/7
  1800 | D:3      | Found a hide-covered altar of Uskayaw.
  1800 | D:3      | Found a hazy altar of Hepliaklqana.
  1801 | D:3      | Found a shadowy altar of Dithmenos.
  1985 | D:4      | Noticed Natasha
  1990 | D:4      | Killed Natasha
  2093 | D:4      | Found a staircase to the Ecumenical Temple.
  2246 | Temple   | Entered the Ecumenical Temple
  2266 | Temple   | Became a worshipper of Ru the Awakened
  2386 | D:4      | Reached skill level 5 in Short Blades
  2647 | D:4      | Reached XP level 7. HP: 29/34 MP: 5/8
  2779 | D:4      | Noticed Natasha
  2788 | D:4      | Killed Natasha
  2925 | D:4      | Noticed Natasha
  2939 | D:4      | Killed Natasha
  3006 | D:5      | Entered Level 5 of the Dungeon
  3076 | D:5      | Found a blossoming altar of Fedhas.
  3087 | D:5      | Noticed Blork the orc
  3183 | D:5      | Gained mutation: You have razor-sharp teeth. [Vine Stalker
                  | growth]
  3183 | D:5      | Reached XP level 8. HP: 23/40 MP: 7/9
  3312 | D:5      | Found a runed translucent door.
  3315 | D:5      | Noticed Soul669's ghost (novice DrGl)
  3328 | D:5      | Found Raxenk's Weapon Boutique.
  3394 | D:6      | Found an opulent altar of Gozag.
  3412 | D:6      | Reached skill level 5 in Fighting
  3536 | D:6      | Found a sparkling altar of Nemelex Xobeh.
  3612 | D:6      | Reached skill level 1 in Armour
  3612 | D:6      | Reached skill level 1 in Dodging
  3659 | D:6      | Noticed a yak
  3663 | D:6      | Noticed a yak
  3663 | D:6      | Noticed a yak
  3666 | D:6      | Killed from afar by a centaur

Skill      XL: |  1  2  3  4  5  6  7  8 |
---------------+-------------------------+-----
Stealth        | 5 6 |  6.0
Short Blades   | 2 3 4 5 6 |  6.0
Shields        | 1 2 4 |  4.0
Fighting       | 3 5 |  5.0
Armour         | 1 |  1.2
Dodging        | 1 |  1.2
Throwing       | |  1.7

Action                   |  1- 3 |  4- 6 |  7- 9 || total
-------------------------+-------+-------+-------++-------
Melee: Dagger            |    94 |   278 |   279 ||   651
       Bite              |    21 |    74 |   101 ||   196
 Fire: Blowgun           |     9 |     8 |     2 ||    19
Invok: Reject Sacrifices |       |       |     1 ||     1
  Use: Scroll            |       |       |     2 ||     2
 Stab: Sleeping          |     8 |    11 |     2 ||    21
       Distracted        |       |     1 |       ||     1
  Eat: Chunk             |       |     6 |     5 ||    11
Armor: Robe              |    13 |    39 |       ||    52
       Ring mail         |       |       |    80 ||    80
Dodge: Dodged            |    41 |   102 |   105 ||   248
Block: Buckler           |     8 |    48 |    55 ||   111
